Map: Ephemeron LE

Players

FoxeR - Winner!

  • Race: Terran Terran
  • League: Grandmaster
  • Spawn Location: 11:00

BEansAndRice

  • Race: Zerg Zerg
  • League: Grandmaster
  • Spawn Location: 5:00

VOD

Have the link to the VOD?

Description

Time

  • Played on: Feb. 13, 2020, 12:17 p.m.
  • Length: 8:09
Show
View Real Time Build Order
Export as new Build Order

FoxeR Terran - Winner!

Build Orders: 2 Factory, Hellion Opening, Reaper Expand 

Get SALT Encoding   

  12  0:00  SCV  
  13  0:12  SCV  
  14  0:18  Supply Depot  
  14  0:25  SCV  
  15  0:39  SCV  
  15  0:41  Barracks  
  16  0:44  Refinery  
  16  0:51  SCV  
  17  1:03  SCV  
  18  1:15  SCV  
  19  1:31  Reaper, Orbital Command  
  20  1:40  Command Center  
  20  1:50  Supply Depot  
  20  1:57  SCV  
  21  2:03  Marine  
  22  2:08  Factory  
  22  2:11  SCV  
  23  2:19  Refinery  
  23  2:22  Barracks Reactor  
  23  2:23  SCV  
  24  2:35  SCV  
  25  2:47  SCV  
  26  2:53  Orbital Command  
  26  2:59  SCV  
  26  3:00  Factory  
  26  3:05  Hellion x2  
  31  3:11  SCV  
  32  3:19  SCV  
  33  3:21  Barracks Tech Lab  
  33  3:23  SCV  
  34  3:29  Supply Depot, Hellion x2  
  34  3:31  SCV  
  39  3:35  SCV  
  40  3:43  SCV  
  40  3:47  SCV  
  41  3:50  Hellion  
  41  3:51  Hellion  
  41  3:54  Supply Depot  
  41  3:55  SCV, Cyclone  
  49  3:58  Mag-Field Accelerator  
  49  4:00  SCV  
  50  4:07  SCV, Supply Depot  
  51  4:12  SCV  
  52  4:22  Hellion x2  
  52  4:23  SCV  
  53  4:33  Command Center  
  53  4:34  SCV  
  53  4:35  Cyclone  
  53  4:36  SCV  
  58  4:44  Hellion  
  58  4:45  Hellion  
  58  4:46  SCV  
  58  4:47  Refinery  
  58  4:48  SCV  
  58  4:49  Refinery  
  60  4:53  Supply Depot  
  60  4:58  SCV  
  61  5:03  SCV  
  62  5:09  Factory  
  62  5:10  Factory x2, SCV  
  63  5:15  SCV  
  63  5:17  Supply Depot  
  63  5:20  Cyclone  
  67  5:22  SCV  
  67  5:27  SCV, Hellion  
  67  5:28  Hellion  
  73  5:34  SCV  
  74  5:44  Infernal Pre-Igniter  
  74  5:46  SCV  
  75  5:53  Factory Tech Lab, Armory  
  75  5:55  Factory Reactor, Factory Tech Lab  
  75  5:56  Cyclone  
  80  5:57  Hellion  
  80  5:58  SCV, Hellion  
  80  6:01  SCV  
  84  6:10  SCV  
  85  6:13  SCV  
  85  6:14  Refinery  
  84  6:19  Refinery, Supply Depot  
  80  6:26  Cyclone  
  80  6:28  Cyclone  
  80  6:29  Cyclone  
  80  6:30  Hellion  
  80  6:31  SCV  
  92  6:35  SCV  
  92  6:37  Orbital Command  
  93  6:41  Hellion  
  93  6:46  SCV  
  96  6:51  SCV, Supply Depot  
  96  6:53  Hellion  
  99  6:55  Hellion  
  99  6:58  SCV, Cyclone  
  105  7:03  SCV  
  105  7:05  SCV, Armory  
  104  7:09  Cyclone  
  104  7:10  SCV  
  108  7:15  SCV  
  108  7:18  SCV  
  108  7:22  SCV  
  107  7:23  Cyclone  
  107  7:24  Hellion  
  107  7:28  SCV  
  112  7:30  SCV, Cyclone  
  112  7:34  SCV  
  117  7:51  SCV  
  116  7:53  SCV  
  117  8:00  Supply Depot  
  117  8:01  Supply Depot  
  117  8:06  Supply Depot  
Show
View Real Time Build Order
Export as new Build Order

BEansAndRice Zerg 

Build Orders: Hatch First 

Get SALT Encoding   

  12  0:01  Drone  
  13  0:12  Overlord  
  13  0:17  Drone  
  14  0:31  Drone x2  
  14  0:34  Drone  
  17  0:51  Hatchery  
  17  0:55  Drone  
  17  0:58  Drone  
  18  1:10  Extractor  
  17  1:14  Spawning Pool  
  17  1:16  Drone  
  17  1:19  Drone  
  18  1:28  Drone  
  19  1:47  Drone  
  19  1:51  Overlord  
  20  2:01  Queen  
  20  2:03  Zergling x2, Queen  
  20  2:04  Zergling x2  
  26  2:10  Metabolic Boost  
  26  2:11  Drone  
  26  2:15  Drone  
  28  2:24  Drone  
  29  2:35  Drone x2  
  31  2:43  Queen  
  33  2:44  Overlord  
  33  2:46  Drone x2  
  35  2:57  Queen, Extractor  
  37  3:03  Drone x2  
  37  3:04  Drone  
  40  3:07  Drone  
  41  3:15  Drone x3  
  44  3:28  Hatchery  
  43  3:37  Overlord  
  43  3:47  Drone  
  44  3:54  Queen  
  46  3:56  Drone x2  
  46  3:57  Drone x3  
  46  4:00  Drone  
  51  4:10  Overlord  
  38  4:31  Zergling x6  
  38  4:32  Zergling x8, Spore Crawler  
  44  4:43  Drone x3  
  47  4:49  Drone  
  48  4:58  Drone x3  
  51  5:08  Drone x3  
  51  5:09  Roach Warren  
  51  5:10  Extractor  
  51  5:13  Drone  
  53  5:19  Spore Crawler  
  53  5:21  Queen x2  
  56  5:29  Drone x4  
  56  5:30  Drone x3  
  61  5:43  Overlord x2  
  63  5:50  Roach x2  
  63  5:52  Overlord  
  63  5:53  Overlord  
  63  5:55  Extractor  
  64  6:00  Overlord  
  64  6:01  Overlord  
  64  6:02  Roach x5  
  74  6:04  Overlord  
  67  6:29  Zergling x6  
  67  6:30  Zergling x14  
  67  6:31  Ravager x3  
  76  6:35  Drone x5  
  76  6:36  Lair  
  76  6:39  Drone x2  
  83  6:45  Drone  
  84  6:52  Evolution Chamber  
  82  6:56  Hatchery  
  78  7:09  Zergling x6  
  78  7:10  Zergling x14  
  78  7:11  Zergling x4  
  83  7:26  Drone x5  
  83  7:27  Drone x2  
  87  7:42  Ravager x2  
  89  7:46  Drone x4  
  87  8:02  Extractor x2  
Tags
 
Add a new tag
Caveats
  • Supply blocks, unpowered buildings, or Contaminate may cause inaccurate times.
  • Supply counts are checked every 10 seconds.